 Dungeon Crawl Stone Soup version 0.30-b1-2-g02819fbbbe (webtiles) character file.

Game seed: 4674153069951770735

212 erloom the Slasher (level 5, 0/41 HPs)
             Began as a Demigod Gladiator on May 28, 2023.
             Slain by Grinder (7 damage)
             ... on level 4 of the Dungeon.
             The game lasted 00:04:39 (2948 turns).

erloom the Slasher (Demigod Gladiator)              Turns: 2948, Time: 00:04:40

Health: 0/41       AC:  7    Str: 15    XL:     5   Next: 31%
Magic:  7/7        EV: 12    Int: 10    God:
Gold:   129        SH:  0    Dex: 19    Spells: 4/4 levels left

rFire   + . .        a - +0 long sword
rCold   . . .        r - orb {light}
rNeg    . . .        q - +0 ring mail
rPois   .            c - +0 helmet
rElec   .            l - +0 cloak
rCorr   .            (no gloves)
SInv    .            (no boots)
Will    .....        (no amulet)
Stlth   +            f - ring of protection from fire
HPRegen 0.26/turn    x - ring of flight
MPRegen 0.10/turn

%: no passive effects
@: flying, hasted, glowing, invisible (but backlit and visible), very quick
A: high MP 1, forlorn, divine attributes
a: no special abilities


You were on level 4 of the Dungeon.
You visited 1 branch of the dungeon, and saw 4 of its levels.

You collected 129 gold pieces.

Inventory:

Hand Weapons
 a - a +0 long sword (weapon)
Missiles
 d - 3 throwing nets (quivered)
 e - a javelin
Armour
 b - a +0 leather armour
 c - a +0 helmet (worn)
 l - a +0 cloak (worn)
 q - a +0 ring mail (worn)
 r - an orb of light (worn)
Jewellery
 f - a ring of protection from fire (left hand)
 i - a ring of positive energy
 u - the ring "Qyutegey" {Wiz Fly rElec MP+9 Slay-6}
   (You took it off an orc on level 3 of the Dungeon)

   [ring of wizardry]

   It improves your spell success rate.
   Slay:      It affects your accuracy & damage with ranged weapons and melee
   (-6).
   rElec:     It insulates you from electricity.
   MP:        It affects your magic capacity (+9).
   Fly:       It grants you flight.
 x - a ring of flight (right hand)
Scrolls
 j - 3 scrolls of identify {unknown}
 n - a scroll of fog {unknown}
 o - 4 scrolls of teleportation {unknown}
 s - a scroll of fear {unknown}
 t - 4 scrolls of magic mapping {unknown}
 w - 2 scrolls of amnesia {unknown}
 y - a scroll of noise {unknown}
 C - a scroll of poison {unknown}
Potions
 g - a potion of degeneration {unknown}
 h - 4 potions of invisibility
 k - a potion of might {unknown}
 m - a potion of mutation {unknown}
 p - a potion of flight {unknown}
 v - a potion of haste
 z - a potion of brilliance {unknown}
 A - a potion of curing {unknown}
 B - a potion of heal wounds {unknown}


   Skills:
 - Level 2.0 Fighting
 * Level 5.6 Long Blades
 - Level 1.7 Throwing
 - Level 2.8 Dodging


You had 4 spell levels left.
You didn't know any spells.
Your spell library contained the following spells:

 Spells                   Type           Power      Damage    Failure   Level
 Shock                    Conj/Air       0%         1d3       58%         1
 Ignite Poison            Fire/Tmut/Pois 0%         N/A       92%         3
 Swiftness                Air            0%         N/A       92%         3
 Airstrike                Air            0%         2d(0-16)  100%        4
 Sticky Flame             Conj/Fire      0%         2d3       100%        4
 Ignition                 Fire           0%         3d3       100%        8


Dungeon Overview and Level Annotations

Branches:
Dungeon (4/15)
 Temple: D:4-7

Annotations:
D:4 Grinder, Menkaure


Innate Abilities, Weirdness & Mutations

You have an increased reservoir of magic. (+10% MP)
You shall have no god before yourself.
Your divine heritage dramatically boosts your attributes as you level up.


Message History

Grinder is severely wounded.
Grinder hits you.
* * * LOW HITPOINT WARNING * * *
You writhe in agony.
* * * LOW HITPOINT WARNING * * *
You barely miss Grinder.
Grinder is severely wounded.
Grinder gestures at you.
You struggle to resist.
You hit Grinder.
Grinder is almost dead.
Grinder hits you.
* * * LOW HITPOINT WARNING * * *
You writhe in agony.
* * * LOW HITPOINT WARNING * * *
You hit Grinder.
Grinder is almost dead.
Grinder barely misses you.
It was a potion of haste.
You feel yourself speed up. Grinder barely misses you.
You hit Grinder but do no damage.
Grinder is almost dead.
Grinder gestures at you. You resist with significant effort.
You barely miss Grinder.
Grinder is almost dead.
Grinder blinks!
You completely miss Grinder.
Grinder is almost dead.
Grinder blinks!
You hit Grinder but do no damage.
Grinder is almost dead.
Grinder says, "There's only one good use for a tongue: cutting it out."
Grinder blinks!
You barely miss Grinder.
Grinder is almost dead.
You hit Grinder.
Grinder is almost dead.
Grinder hits you!
You die...

...#####.# #...#..#
#...# #### #.#
####...#..# #...# ..
...#####.P# #...# ...
.. .... ..... ###.##
###... ###.. ##### #...
#.##
####...####.#########.#
.......'..............#
####...######...@#..
#...# #...5# #...#
#..(.# ##### ######


You could see Grinder.

Vanquished Creatures
  A scorpion (D:4)
  6 adders
  3 worms
  A dart slug (D:4)
  6 orcs
  9 ball pythons
  A bat (D:1)
  4 endoplasms
  8 giant cockroaches
  8 goblins
  3 hobgoblins
  5 jackals
  9 quokkas
  2 frilled lizards
  4 kobolds
  2 rats (D:1)
72 creatures vanquished.

Notes
Turn   | Place    | Note
-------+----------+-------------------------------------------
     0 | D:1      | erloom the Demigod Gladiator began the quest for the Orb.
     0 | D:1      | Reached XP level 1. HP: 17/17 MP: 3/3
   161 | D:1      | Noticed a floating eye
   166 | D:1      | Noticed a great orb of eyes
   167 | D:1      | Noticed a great orb of eyes
   167 | D:1      | Noticed a golden eye
   175 | D:1      | Reached skill level 3 in Long Blades
   239 | D:1      | Reached XP level 2. HP: 20/24 MP: 4/4
  1050 | D:2      | Reached XP level 3. HP: 29/29 MP: 5/5
  1270 | D:2      | Reached skill level 4 in Long Blades
  1859 | D:3      | Identified the ring "Qyutegey" {Wiz Fly rElec MP+9 Slay-6}
  1976 | D:3      | Reached XP level 4. HP: 36/36 MP: 6/6
  2412 | D:3      | Reached skill level 5 in Long Blades
  2709 | D:4      | Noticed Menkaure
  2835 | D:4      | Reached XP level 5. HP: 39/41 MP: 7/7
  2882 | D:4      | Identified the +4 short sword "Keanefuidyx" {venom, rF+ rC-
                  | rN+}
  2916 | D:4      | Noticed Grinder
  2922 | D:4      | Paralysed by Grinder for 3 turns
  2948 | D:4      | Slain by Grinder

Illustrated notes

Levels and vault maps discovered:
D:1:      mrwooster_arrival_statue_3, layout_basic,
          hellmonk_ecumenical_altar_watching_god, minmay_indecisive_spiral
D:2:      layout_loops_ring
D:3:      layout_basic, mainiacjoe_overflow_small_starburst
D:4:      corexii_shack_village, layout_basic, nicolae_ru_sacrificial_ziggurat,
          uniq_menkaure, uniq_blork_the_orc, uniq_grinder

Skill      XL: |  1  2  3  4 |
---------------+-------------+-----
Fighting       | 2 |  2.0
Long Blades    | 3 4 5 |  5.6
Throwing       | |  1.7
Dodging        | |  2.8

Action                     |  1- 3 |  4- 6 || total
---------------------------+-------+-------++-------
  Melee: Long sword        |   126 |    87 ||   213
         Punch             |     3 |       ||     3
    Use: Potion            |       |     2 ||     2
   Stab: Sleeping          |     2 |       ||     2
 Armour: Leather armour    |    27 |       ||    27
         Ring mail         |    10 |    28 ||    38
  Dodge: Dodged            |    93 |    45 ||   138
